 Dungeon Crawl Stone Soup version 0.31-a0-246-g8cbcc1cb85 (webtiles) character file.

Game seed: 10929140164846992278

93 qw the Shooter (level 4, -4/27 HPs)
             Began as a Gargoyle Hexslinger on July 12, 2023.
             Slain by Terence
             ... wielding a +0 trident
              (5 damage)
             ... on level 2 of the Dungeon.
             The game lasted 00:00:31 (935 turns).

qw the Shooter (Gargoyle Hexslinger)                 Turns: 935, Time: 00:00:32

Health: -4/27      AC:  8    Str: 11    XL:     4   Next: 62%
Magic:  5/5        EV: 10    Int: 14    God:
Gold:   123        SH:  0    Dex: 14    Spells: 4/5 levels left

rFire   . . .        Y - +1 sling
rCold   . . .        (no shield)
rNeg    + . .        h - +0 ring mail
rPois   inf          (no helmet)
rElec   +            (no cloak)
rCorr   .            (no gloves)
SInv    .            (no boots)
Will    .....        i - amulet of the acrobat
Stlth   +            (no ring)
HPRegen 0.24/turn    (no ring)
MPRegen 0.09/turn

%: acrobat
@: no status effects
A: sickness immunity, AC +3, negative energy resistance 1, electricity
resistance, torment resistance 1, petrification resistance
a: no special abilities


You were on level 2 of the Dungeon.
You visited 1 branch of the dungeon, and saw 2 of its levels.

You collected 123 gold pieces.


Innate Abilities, Weirdness & Mutations

You are immune to sickness and miasma.
Your stone body is resilient. (AC +3)
You are immune to poison.
You resist negative energy. (rN+)
You are resistant to electric shocks. (rElec)
You are resistant to unholy torment.
You are immune to petrification.


   Skills:
 - Level 2.8 Fighting
 + Level 3.9 Ranged Weapons
 - Level 1.5 Dodging
 - Level 1.0 Spellcasting
 - Level 2.6 Hexes


You had 4 spell levels left.
You knew the following spells:

 Your Spells              Type           Power      Damage    Failure   Level
a - Slow                  Hex            32%        N/A       22%         1

Your spell library contained the following spells:

 Spells                   Type           Power      Damage    Failure   Level
 Inner Flame              Hex/Fire       4%         N/A       73%         3
 Portal Projectile        Hex/Tloc       8%         N/A       73%         3
 Cause Fear               Hex            4%         N/A       91%         4

Inventory:

Hand Weapons
 Y - a +1 sling (weapon)
Armour
 h - a +0 ring mail (worn)
Jewellery
 b - a +6 ring of strength
 i - an amulet of the acrobat (around neck)
Scrolls
 a - a scroll of identify {unknown}
Potions
 g - a potion of heal wounds {unknown}

Dungeon Overview and Level Annotations

Branches:
Dungeon (2/15)

Altars:

Annotations:
D:2 Terence


Message History

The adder bites you but does no damage.
You shoot a sling bullet.
The sling bullet hits the adder but does no damage.
The adder is heavily wounded.
Terence says, "Did you write a will?
You should..."
Terence hits you but does no damage. The adder bites you but does no damage.
You shoot a sling bullet.
The sling bullet closely misses the adder.
The sling bullet hits Terence.
Terence is lightly wounded.
The adder bites you but does no damage. Terence hits you but does no damage.
The adder bites you. Terence barely misses you.
You shoot a sling bullet.
The sling bullet barely misses the adder.
The sling bullet hits Terence but does no damage.
Terence is lightly wounded.
The adder closely misses you. Terence closely misses you. The adder misses you.
You shoot a sling bullet.
The sling bullet hits the adder but does no damage.
The adder is heavily wounded.
The adder bites you but does no damage. Terence barely misses you.
You shoot a sling bullet. The sling bullet misses the adder.
The sling bullet hits Terence but does no damage.
Terence is lightly wounded.
The adder closely misses you.
Terence hits you from afar with a +0 trident.
The adder bites you but does no damage. Terence hits you but does no damage.
You shoot a sling bullet. The sling bullet hits the adder!
You kill the adder!
Terence hits you but does no damage.
You shoot a sling bullet.
The sling bullet hits Terence but does no damage.
Terence is lightly wounded.
Terence hits you from afar with a +0 trident.
You shoot a sling bullet.
The sling bullet hits Terence but does no damage.
Terence is lightly wounded.
Terence hits you from afar with a +0 trident!
Terence hits you from afar with a +0 trident.
You die...

####### ......#
#####.# #####.#
...##.############
##.##.#..........#
##.##.#.########.#
......#.# #@#
##.####.# #%#
##......### .@.
..#.......# .....
#.#.......#
##...##
#.#.......# #..##
....".....# #.##
#.#.......# #.
#.#.......#


You could see Terence.

Vanquished Creatures
  Jessica (D:2)
  4 adders (D:2)
  2 worms (D:2)
  2 dart slugs
  A giant cockroach (D:1)
  2 goblins
  4 hobgoblins
  2 kobolds
  A quokka (D:2)
  A ball python (D:1)
  A bat (D:2)
  A frilled lizard (D:1)
  2 rats (D:1)
24 creatures vanquished.

Notes
Turn   | Place    | Note
-------+----------+-------------------------------------------
     0 | D:1      | qw the Gargoyle Hexslinger began the quest for the Orb.
     0 | D:1      | Reached XP level 1. HP: 12/12 MP: 2/2
     0 | D:1      | 0 ||| qw: Version: 0.3-a-52-g30416fa
     0 | D:1      | 0 ||| qw: Game counter: 6340
     0 | D:1      | 0 ||| qw: Melee chars always use a shield: true
     0 | D:1      | 0 ||| qw: God list: Okawaru
     0 | D:1      | 0 ||| qw: Allow faded altars: false
     0 | D:1      | 0 ||| qw: Do Orc after clearing Dungeon:15 true
     0 | D:1      | 0 ||| qw: Do second Lair branch before Depths: true
     0 | D:1      | 0 ||| qw: Lair rune preference: random
     0 | D:1      | 0 ||| qw: Goals: Normal
     0 | D:1      | 0 ||| PLANNING D:1-11
    58 | D:1      | 58 ||| Stepping ~*~*~tactically~*~*~ (outnumbered).
    65 | D:1      | Reached XP level 2. HP: 16/16 MP: 3/3
   440 | D:1      | 440 ||| UPGRADING to +0 ring mail.
   450 | D:1      | 450 ||| DROPPING +0 robe.
   451 | D:1      | 451 ||| UPGRADING to amulet of the acrobat.
   456 | D:1      | 456 ||| DROPPING ring of wizardry.
   457 | D:1      | 457 ||| READING scroll labelled VOEPSU PEMO.
   458 | D:1      | 458 ||| READING 2 scrolls labelled JEEDGHE MENOLA.
   459 | D:1      | 459 ||| READING scroll labelled QOIRONNAHOGOF.
   462 | D:1      | 462 ||| DROPPING scroll of poison.
   463 | D:1      | 463 ||| DROPPING scroll of fog.
   505 | D:2      | Reached skill level 3 in Ranged Weapons
   507 | D:2      | 507 ||| STAIRDANCE
   584 | D:2      | Noticed Jessica
   590 | D:2      | Killed Jessica
   591 | D:2      | Reached XP level 3. HP: 13/22 MP: 4/4
   725 | D:2      | Reached XP level 4. HP: 27/27 MP: 5/5
   920 | D:2      | Noticed Terence
   935 | D:2      | HP: 1/27 [Terence/+0 trident (10)]
   935 | D:2      | Slain by Terence

Levels and vault maps discovered:
D:1:      matt_arrival_refuge, layout_rooms, chequers_serial_rivers_micro_b
D:2:      layout_loops_cross, basic_altar,
          hellmonk_ecumenical_altar_leap_of_faith, uniq_terence, uniq_jessica

Skill      XL: |  1  2 |
---------------+-------+-----
Ranged Weapons | 3 |  3.9
Fighting       | 2 |  2.8
Dodging        | |  1.5
Spellcasting   | |  1.0
Hexes          | |  2.6

Action                     |  1- 3 |  4- 6 || total
---------------------------+-------+-------++-------
   Fire: Sling             |    92 |    48 ||   140
    Use: Scroll            |     3 |       ||     3
 Armour: Robe              |    13 |       ||    13
         Ring mail         |    15 |    22 ||    37
  Dodge: Dodged            |    35 |    17 ||    52

Table legend:
 A = Non-vault XP
 B = Vault XP
 C = Vault XP percentage of total XP
 D = Non-vault monster count
 E = Vault monster count
 F = Vault count percentage of total count
                 A         B        C        D         E       F
            +---------+---------+-------+---------+---------+-------
      Total |      97 |      37 |  27.6 |      23 |       1 |   4.2
            +---------+---------+-------+---------+---------+-------
        D:1 |      18 |       0 |   0.0 |      10 |       0 |   0.0
        D:2 |      79 |      37 |  31.9 |      13 |       1 |   7.1
            +---------+---------+-------+---------+---------+-------
